 Dungeon Crawl Stone Soup version 0.23-a0-767-gdc19b93 (webtiles) character file.

2 Klosterheim the Vexing (level 1, -2/7 HPs)
             Began as a Felid Enchanter on Jan 19, 2019.
             Killed from afar by a dart slug (4 damage)
             ... with a slug dart
             ... on level 1 of the Dungeon.
             The game lasted 00:01:06 (90 turns).

Klosterheim the Vexing (Felid Enchanter)              Turns: 90, Time: 00:01:06

Health: -2/7       AC:  1    Str:  4    XL:     1   Next: 33%
Magic:  3/4        EV: 18    Int: 16    God:
Gold:   0          SH:  0    Dex: 16    Spells: 3/4 levels left
                                        Lives:  0   Deaths: 0

rFire    . . .     SeeInvis +     - Unarmed
rCold    . . .     Gourm    .   (shield unavailable)
rNeg     . . .     Faith    .   (armour unavailable)
rPois    .         Spirit   .   (helmet unavailable)
rElec    .         Reflect  .   (cloak unavailable)
rCorr    .         Harm     .   (gloves unavailable)
MR       .....                  (boots unavailable)
Stlth    +++.......             (no amulet)
HPRegen  0.02/turn              (no ring)
MPRegen  0.09/turn              (no ring)

@: quick
A: very small, no armour, no weapons or thrown items, stealth, claws 1, fangs 3,
see invisible, carnivore, speed 1, shaggy fur 1, slow metabolism 1, sharp paws
a: no special abilities


You were on level 1 of the Dungeon.
You were not hungry.

You visited 1 branch of the dungeon, and saw 1 of its levels.

Inventory:

Comestibles
 b - a ration


   Skills:
 + Level 2.7 Dodging
 + Level 4.0 Stealth
 * Level 1.1 Unarmed Combat
 - Level 2.0 Spellcasting
 * Level 4.5 Hexes


You had 3 spell levels left.
You knew the following spells:

 Your Spells              Type           Power        Failure   Level  Hunger
a - Corona                Hex            ###....      3%          1    #......

Your spell library contained the following spells:

 Spells                   Type           Power        Failure   Level  Hunger
 Confuse                  Hex            ###.....     10%         3    ###....
 Tukima's Dance           Hex            ###.....     10%         3    ###....
 Ensorcelled Hibernation  Hex/Ice        #.....       12%         2    ###....
 Dazzling Spray           Conj/Hex       #.....       24%         3    ###....


Dungeon Overview and Level Annotations

Branches:
Dungeon (1/15)

Altars:


Innate Abilities, Weirdness & Mutations

You cannot wear armour.
You are incapable of wielding weapons or throwing items.
Your paws allow you to move quietly. (Stealth)
You have sharp claws.
You have razor-sharp teeth.
You have supernaturally acute eyesight. (SInv)
You are carnivorous and can eat meat at any time.
You cover ground quickly.
You are covered in fur. (AC +1)
You have a slow metabolism.
Your sharp claws are effective at attacking unaware monsters.


Message History

You scratch the goblin.
You kill the goblin!
Things that are here:
a goblin corpse; a hobgoblin corpse
Casting: Corona (safe; 3% risk of failure)
Confirm with . or Enter, or press ? or * to list all spells.
Aiming: Corona (safe; 3% risk of failure)
Press: ? - help, Shift-Dir - straight line, f - dart slug
Aim: a dart slug (chance to defeat MR: 71%)
The dart slug is outlined in light.
The dart slug bites you.
* * * LOW HITPOINT WARNING * * *
You scratch the dart slug.
The dart slug is moderately wounded.
The dart slug closely misses you.
You scratch the dart slug but do no damage.
The dart slug is moderately wounded.
The dart slug launches a dart at you. The slug dart hits you!
Ouch! That really hurt!
You die...

..... .......## #
#.....##..... .# .#..
............# .##...#
#...........##.#...##
.......?...........#
#......?..........#
#.........%.#.....>
###.....w........##.#


PPPPPPP@PPPPPPPP..... PPPPP...†.PPPPPP..... PPP..PPPPP..PPPP...$.
PP.PPP...PPP.PPP..... PP.PP.PPP.PP.PPP..... P!PP.PP.PP.PP.PP.....
P.P.PP.P.PP.P.PP..### P.P.P.PPP.P.P.PP#..# P.P.PP.P.PP.P.PP# ... You could see a
dart slug.

Vanquished Creatures
  A goblin (D:1)
  A hobgoblin (D:1)
2 creatures vanquished.

Notes
Turn   | Place    | Note
-------+----------+-------------------------------------------
     0 | D:1      | Klosterheim the Felid Enchanter began the quest for the
                  | Orb.
     0 | D:1      | Reached XP level 1. HP: 7/7 MP: 4/4
    90 | D:1      | Killed from afar by a dart slug

Vault maps used:
D:1:      roderic_crop_circles_arrival_small

Action                   || total
-------------------------++-------
Melee: Unarmed           ||    42
       Bite              ||     3
       Punch             ||     1
 Cast: Corona            ||     3
Armor: Skin              ||     1
Dodge: Dodged            ||    15

Table legend:
 A = Non-vault XP
 B = Vault XP
 C = Vault XP percentage of total XP
 D = Non-vault monster count
 E = Vault monster count
 F = Vault count percentage of total count
                 A         B        C        D         E       F
            +---------+---------+-------+---------+---------+-------
      Total |       4 |       0 |   0.0 |       2 |       0 |   0.0
            +---------+---------+-------+---------+---------+-------
        D:1 |       4 |       0 |   0.0 |       2 |       0 |   0.0
            +---------+---------+-------+---------+---------+-------
